 Dungeon Crawl Stone Soup version 0.25.0-11-g1f837a76a1 (webtiles) character file.

Game seed: 5189057603955437621

6485 Apogee the Blocker (level 10, -1/98 HPs)
             Began as a Troll Fighter on June 27, 2020.
             Was a Priest of Makhleb.
             Killed from afar by a rime drake (21 damage)
             ... with a flash freeze
             ... on level 2 of the Lair of Beasts.
             The game lasted 00:16:00 (7731 turns).

Apogee the Blocker (Troll Fighter)                  Turns: 7731, Time: 00:16:01

Health: -1/98      AC: 11    Str: 29    XL:     10   Next: 68%
Magic:  9/9        EV: 14    Int:  4    God:    Makhleb [***...]
Gold:   659        SH: 13    Dex: 15    Spells: 9/9 levels left

rFire    x . .     SeeInvis +     - Unarmed
rCold    + . .     Gourm    +   b - +1 kite shield
rNeg     . . .     Faith    .   k - +5 robe of Night {Dark MR+ SInv}
rPois    .         Spirit   .   (helmet restricted)
rElec    .         Reflect  .   (no cloak)
rCorr    .         Harm     .   (gloves unavailable)
MR       +....                  (boots unavailable)
Stlth    +.........             (no amulet)
HPRegen  0.66/turn              u - ring of ice
MPRegen  0.11/turn              o - +6 ring of dexterity

@: about to teleport, hasted, studying Axes, very quick
A: large, unfitting armour, claws 3, fast metabolism 3, gourmand, regeneration
1, shaggy fur 1, tough skin 3
a: Minor Destruction, Lesser Servant of Makhleb, Renounce Religion


You were on level 2 of the Lair of Beasts.
You worshipped Makhleb.
Makhleb was most pleased with you.
You were very full.

You visited 3 branches of the dungeon, and saw 12 of its levels.

You collected 659 gold pieces.

Inventory:

Missiles
 e - 46 poisoned darts
 K - 12 atropa-tipped darts (quivered)
Armour
 a - a +0 robe
 b - a +1 kite shield (worn)
 k - the +5 robe of Night (worn) {Dark MR+ SInv}
   (You found it on level 4 of the Dungeon)

   It affects your resistance to hostile enchantments.
   It lets you see invisible.
Jewellery
 g - an uncursed ring of resist corrosion
 h - an uncursed ring of wizardry
 o - a +6 ring of dexterity (right claw)
 u - a ring of ice (left claw)
 I - an uncursed amulet of regeneration {unknown}
Wands
 m - a wand of acid (10)
 p - a wand of paralysis (10)
 x - a wand of enslavement (19)
 D - a wand of iceblast (7)
 G - a wand of flame (43)
Scrolls
 f - 5 scrolls of identify
 j - a scroll of enchant armour
 v - a scroll of amnesia
 w - 6 scrolls of remove curse
 y - 2 scrolls of immolation {unknown}
 A - a scroll of magic mapping
 B - a scroll of random uselessness {unknown}
 C - 3 scrolls of enchant weapon
 E - 3 scrolls of brand weapon {unknown}
Potions
 c - a potion of might
 n - a potion of flight {unknown}
 r - a potion of ambrosia {unknown}
 s - a potion of heal wounds {unknown}
 t - a potion of brilliance {unknown}
 z - 2 potions of berserk rage {unknown}
 F - a potion of lignification {unknown}
 H - a potion of degeneration {unknown}
 M - a potion of mutation {unknown}
Books
 i - a manual of Axes
Comestibles
 d - 22 rations


   Skills:
 - Level 6.0 Fighting
 + Level 7.1 Dodging
 - Level 9.0 Shields
 - Level 8.0 Unarmed Combat


You had 9 spell levels left.
You didn't know any spells.
Your spell library was empty.

Dungeon Overview and Level Annotations

Branches:
Dungeon (9/15)             Temple (1/1) D:5            Lair (2/6) D:9
  Swamp: Lair:2-4    Shoals: Lair:2-4     Snake: Lair:2-4    Spider: Lair:2-4
    Orc: D:9-12

Altars:
Ashenzari
Cheibriados
Dithmenos
Elyvilon
Hepliaklqana
Kikubaaqudgha
Makhleb
Nemelex Xobeh
Okawaru
Qazlal
Ru
Sif Muna
Trog
Uskayaw
Wu Jian
Xom
The Shining One

Shops:
D:8 [


Innate Abilities, Weirdness & Mutations

You are too large for most types of armour.
You have claws for hands.
Your metabolism is lightning-fast.
You like to eat raw meat.
Your natural rate of healing is unusually fast.
You are covered in fur. (AC +1)
You have extremely tough skin. (AC +3)


Message History

The flash freeze hits you! You partially resist.
* * * LOW HITPOINT WARNING * * *
You are encased in ice.
You block the rime drake's attack. The rime drake closely misses you.
The rime drake misses you.
You feel better. The rime drake misses you. The rime drake bites you.
* * * LOW HITPOINT WARNING * * *
The rime drake bites you but does no damage.
You feel better. The rime drake completely misses you.
The rime drake closely misses you. The rime drake bites you.
* * * LOW HITPOINT WARNING * * *
The rime drake misses you.
You closely miss the rime drake. The ice encasing you melts away.
You block the rime drake's attack. The rime drake closely misses you.
You closely miss the rime drake. The rime drake bites you.
* * * LOW HITPOINT WARNING * * *
The rime drake breathes ice at you. The flash freeze hits you!!
You partially resist.
You die...

...........
#..<)# ...#
#....##...#.
#....##....# ..
#....##...# ...
.......#.).##...
.#.....†#.k#....
........Dkkk....
....#####k@#...
#### #### #


You could see 5 rime drakes and a steam dragon.

Vanquished Creatures
  2 rime drakes (Lair:2)
  2 komodo dragons (Lair:1)
  3 hippogriffs
  A spriggan (D:7)
  A wyvern (D:9)
  Grum (D:8)
  A hungry ghost (D:7)
  A basilisk (Lair:1)
  A steam dragon (Lair:2)
  3 water moccasins (Lair:1)
  3 orc warriors
  A porcupine (Lair:1)
  A sky beast (D:6)
  2 ice beasts (D:5)
  A phantom (D:7)
  4 ogres
  3 wolves (D:8)
  3 centaurs
  A crocodile (Lair:1)
  A big kobold (D:4)
  8 bullfrogs
  2 scorpions
  7 wights
  3 howler monkeys (D:7)
  2 crimson imps
  A centaur zombie (D:5)
  3 hounds
  6 orc priests
  Natasha (thrice) (D:2)
  7 orc wizards
  3 worker ants
  A hound skeleton (D:5)
  11 gnolls
  14 adders
  2 shadow imps (D:7)
  3 oozes
  2 adder skeletons
  A worm (D:2)
  2 leopard geckos
  24 orcs
  3 ball pythons
  5 giant cockroaches
  3 hobgoblins
  9 jackals
  22 kobolds
  3 quokkas
  6 bats
  4 frilled lizards
  10 goblins
  5 rats
211 creatures vanquished.

Notes
Turn   | Place    | Note
-------+----------+-------------------------------------------
     0 | D:1      | Apogee the Troll Fighter began the quest for the Orb.
     0 | D:1      | Reached XP level 1. HP: 22/22 MP: 0/0
    41 | D:1      | Reached XP level 2. HP: 14/29 MP: 1/1
   532 | D:1      | Reached XP level 3. HP: 37/37 MP: 2/2
   841 | D:2      | Noticed Natasha
   848 | D:2      | Killed Natasha
   848 | D:2      | Reached XP level 4. HP: 41/45 MP: 3/3
  1150 | D:2      | Noticed Natasha
  1167 | D:2      | Killed Natasha
  1217 | D:2      | Noticed Natasha
  1226 | D:2      | Killed Natasha
  1226 | D:2      | Reached XP level 5. HP: 40/53 MP: 4/4
  1826 | D:3      | Reached skill level 5 in Unarmed Combat
  1844 | D:3      | Found a hazy altar of Hepliaklqana.
  2256 | D:3      | Found a faded altar of an unknown god.
  2424 | D:4      | Found a snail-covered altar of Cheibriados.
  2508 | D:4      | Reached XP level 6. HP: 61/61 MP: 5/5
  3037 | D:4      | Found the +5 robe of Night {Dark MR+ SInv}
  3293 | D:5      | Entered Level 5 of the Dungeon
  3299 | D:5      | Reached XP level 7. HP: 33/70 MP: 6/6
  3424 | D:5      | Noticed a hippogriff
  3430 | D:5      | Killed a hippogriff
  3554 | D:5      | Found a staircase to the Ecumenical Temple.
  3591 | Temple   | Entered the Ecumenical Temple
  3611 | Temple   | Became a worshipper of Makhleb the Destroyer
  3974 | D:5      | Reached skill level 5 in Fighting
  3974 | D:5      | Reached XP level 8. HP: 80/80 MP: 7/7
  4509 | D:6      | Reached skill level 3 in Shields
  4624 | D:6      | Reached skill level 4 in Shields
  4643 | D:6      | Found a shimmering altar of Xom.
  4686 | D:6      | Found a shattered altar of Ashenzari.
  5057 | D:7      | Reached * piety under Makhleb
  5060 | D:7      | Reached skill level 5 in Shields
  5143 | D:7      | Reached XP level 9. HP: 78/89 MP: 8/8
  5183 | D:7      | Reached skill level 6 in Shields
  5323 | D:7      | Reached skill level 7 in Shields
  5625 | D:7      | Reached ** piety under Makhleb
  5635 | D:7      | Found an ornate altar of the Wu Jian Council.
  5735 | D:7      | Reached skill level 8 in Shields
  5753 | D:7      | Found an ancient bone altar of Kikubaaqudgha.
  5757 | D:7      | Found a sparkling altar of Nemelex Xobeh.
  5761 | D:7      | Found a bloodstained altar of Trog.
  5850 | D:7      | Found a stormy altar of Qazlal.
  6301 | D:8      | Noticed Grum
  6320 | D:8      | Killed Grum
  6438 | D:8      | Found Fiz Kuce's Antique Armour Shoppe.
  6508 | D:8      | Reached XP level 10. HP: 98/98 MP: 9/9
  6819 | D:9      | Found a staircase to the Lair.
  6838 | Lair:1   | Entered Level 1 of the Lair of Beasts
  7057 | Lair:1   | Reached skill level 5 in Dodging
  7057 | Lair:1   | Reached skill level 9 in Shields
  7539 | Lair:1   | Reached *** piety under Makhleb
  7656 | Lair:1   | Noticed a seven-headed hydra
  7731 | Lair:2   | Killed from afar by a rime drake

Illustrated notes

Levels and vault maps discovered:
D:1:      grunt_arrival_crossed_arrows, layout_basic
D:2:      layout_basic, uniq_natasha
D:3:      layout_basic, lemuel_round_altar, chequers_ecumenical_altar_simple,
          minmay_misc_feat_plants, minmay_goblin_outpost
D:4:      kennysheep_kobold_camp, layout_cave_pools,
          nicolae_overflow_hidden_temple, first_ration, item_on_display_a
D:5:      layout_cave_pods, minmay_temple_entry_sparse_star, minmay_manual_maat
D:6:      layout_basic, kennysheep_mini_moat, evilmike_ruin_ashenzari
D:7:      layout_loops_ring, nicolae_qazlal_eye_of_the_storm, minitemple,
          marbit_many_paths, the_bakery
D:8:      layout_basic, serial_shops, shop, uniq_grum
D:9:      layout_cave_pools, yredelemnul_altar_generic
Temple:   minmay_temple_bridge_abc
Lair:1:   layout_gridlike
Lair:2:   layout_regular_city, minmay_snake_entry_spellcaster,
          bobbens_dragon_lair_wall

Skill      XL: |  1  2  3  4  5  6  7  8  9 10 |
---------------+-------------------------------+-----
Fighting       | 3 4 5 6 |  6.0
Unarmed Combat | 3 4 5 6 8 |  8.0
Shields        | 5 8 9 |  9.0
Dodging        | 3 7 |  7.1

Action                   |  1- 3 |  4- 6 |  7- 9 | 10-12 || total
-------------------------+-------+-------+-------+-------++-------
Melee: Unarmed           |    59 |   205 |   270 |   109 ||   643
       Punch             |       |     2 |    17 |       ||    19
Throw: Dart              |       |       |       |     4 ||     4
Invok: Lesser Servant of |       |       |       |     1 ||     1
Evoke: Wand              |       |       |       |     2 ||     2
  Use: Scroll            |     1 |     7 |       |     2 ||    10
       Potion            |     1 |     3 |       |     5 ||     9
 Stab: Invisible         |     2 |       |       |       ||     2
       Sleeping          |       |     1 |     3 |     2 ||     6
  Eat: Chunk             |    13 |    22 |    34 |    14 ||    83
Armor: Robe              |    16 |    62 |    68 |    25 ||   171
Dodge: Dodged            |    27 |    91 |   126 |    46 ||   290
Block: Kite shield       |       |       |    34 |    84 ||   118
